 Dungeon Crawl Stone Soup version 0.30.1 (webtiles) character file.

Game seed: 17040118422283958062

5576 DemonSlayer the Thaumaturge (level 10, -2/71 HPs)
             Began as a Demonspawn Earth Elementalist on July 2, 2023.
             Was an Initiate of Dithmenos.
             Shot with a bolt by an orc warrior (15 damage)
             ... on level 10 of the Dungeon.
             The game lasted 00:21:34 (13201 turns).

DemonSlayer the Thaumaturge (DsEE)                 Turns: 13201, Time: 00:21:34

Health: -2/71      AC:  5    Str:  8    XL:     10   Next: 44%
Magic:  3/23       EV: 14    Int: 17    God:    Dithmenos [......]
Gold:   389        SH:  0    Dex: 18    Spells: 17/27 levels left

rFire   . . .        x - +1 dagger (speed)
rCold   . . .        (no shield)
rNeg    . . .        a - +0 robe
rPois   +            (no helmet)
rElec   .            j - +0 cloak
rCorr   .            (no gloves)
SInv    .            (no boots)
Will    .....        (no amulet)
Stlth   +++          h - ring of flight
HPRegen 0.31/turn    n - ring of poison resistance
MPRegen 0.18/turn

%: no passive effects
@: mighty, flying
A: rugged brown scales 2, foul stench 1, weakness stinger 2
a: Renounce Religion


You were on level 10 of the Dungeon.
You worshipped Dithmenos.
Dithmenos was noncommittal.
You visited 2 branches of the dungeon, and saw 11 of its levels.
You also visited: Ossuary.

You collected 526 gold pieces.
You spent 137 gold pieces at shops.

Inventory:

Hand Weapons
 x - a +1 dagger of speed (weapon)
Missiles
 c - a curare-tipped dart
 E - 2 throwing nets
Armour
 a - a +0 robe (worn)
 j - a +0 cloak (worn)
Jewellery
 h - a ring of flight (left hand)
 n - a ring of poison resistance (right hand)
 y - an amulet of reflection
 A - a ring of resist corrosion
Wands
 s - a wand of charming (25)
 B - a wand of iceblast (19)
Scrolls
 b - 2 scrolls of enchant armour
 e - 2 scrolls of fear {unknown}
 g - 3 scrolls of teleportation {unknown}
 i - a scroll of noise {unknown}
 m - a scroll of identify
 o - 2 scrolls of poison
 r - a scroll of silence
 v - a scroll of magic mapping
 D - a scroll of blinking
Potions
 d - 12 potions of curing
 f - 3 potions of flight {unknown}
 k - a potion of resistance
 l - a potion of heal wounds
 p - 2 potions of mutation {unknown}
 q - a potion of might
 t - a potion of berserk rage {unknown}
 u - a potion of invisibility {unknown}
 w - a potion of haste {unknown}
 z - a potion of brilliance {unknown}
 C - a potion of ambrosia {unknown}


   Skills:
 + Level 2.7 Fighting
 + Level 2.2 Short Blades
 + Level 4.4 Dodging
 + Level 4.2 Stealth
 + Level 9.0 Spellcasting
 + Level 5.3 Conjurations
 + Level 0.8 Transmutations
 + Level 8.3 Earth Magic


You had 17 spell levels left.
You knew the following spells:

 Your Spells              Type           Power      Damage    Failure   Level
a - Sandblast             Erth           72%        2d16      1%          1
b - Stone Arrow           Conj/Erth      60%        3d10      1%          3
c - Petrify               Tmut/Erth      23%        N/A       14%         4
d - Passwall              Tmut/Erth      19%        N/A       2%          2

Your spell library contained the following spells:

 Spells                   Type           Power      Damage    Failure   Level
 Apportation              Tloc           14%        N/A       10%         1
 Freeze                   Ice            28%        1d5       10%         1
 Hailstorm                Conj/Ice       16%        3d6       10%         3
 Scorch                   Fire           14%        2d6       14%         2
 Frozen Ramparts          Ice            14%        1d3       28%         3
 Flame Wave               Conj/Fire      16%        2d7       30%         4
 Ice Form                 Ice/Tmut       9%         N/A       61%         4
 Summon Ice Beast         Ice/Summ       7%         N/A       67%         4
 Alistair's Intoxication  Tmut/Pois      6%         N/A       91%         5
 Summon Cactus Giant      Summ           3%         N/A       100%        6


Dungeon Overview and Level Annotations

Branches:
Dungeon (10/15)            Temple (1/1) D:7            Lair (0/5) D:10
Ossuary (visited)
    Orc: D:9-12

Altars:
Dithmenos
Fedhas
Gozag
Hepliaklqana
Kikubaaqudgha
Okawaru
Ru
Sif Muna
Trog
Uskayaw
Vehumet
Wu Jian
Xom

Shops:
D:3 !   D:4 !*

Annotations:
D:4 3 runed translucent doors, nogood's ghost, amateur DsFE


Innate Abilities, Weirdness & Mutations

You are mostly covered in rugged brown scales. (AC +2, +5% HP)
You may rarely emit foul miasma when damaged in melee.
You have a tail ending in a sharp stinger.


Message History

You hit the warg.
Your tail-slap misses the warg.
The warg is almost dead.
You barely miss the warg.
The warg is almost dead.
The warg misses you.
You hit the warg.
You kill the warg!
Dithmenos accepts your kill.
Your Short Blades skill increases to level 2!
You closely miss the orc priest. You punch the orc priest!
The orc priest is heavily wounded.
You hit the orc priest.
The orc priest is severely wounded.
The orc priest hits you but does no damage.
You hit the orc priest.
The orc priest is severely wounded.
The orc priest hits you with a +0 dagger.
You emit a cloud of foul miasma!
The orc priest calls upon Beogh to heal the orc warrior.
The orc warrior is healed somewhat.
You barely miss the orc priest.
The orc priest is severely wounded.
You closely miss the orc priest.
The orc priest is severely wounded.
The orc priest is engulfed in dark miasma.
The orc priest is poisoned.
The orc priest mumbles some strange prayers to Beogh against you.
Pain shoots through your body!
You closely miss the orc priest.
Your tail-slap misses the orc priest.
The orc priest is almost dead.
The orc priest is engulfed in dark miasma.
The orc priest looks even sicker.
The orc priest seems to slow down.
You kill the orc priest!
Dithmenos accepts your kill.
The orc warrior shoots a bolt.
The bolt hits you!
The orc warrior shoots a bolt.
The bolt hits you!
* * * LOW HITPOINT WARNING * * *
Found a stone staircase leading up.
The orc warrior shoots a bolt.
The bolt hits you!
You die...

###'#### #...# #.### #.#
####### ###.######
.....<. #........### ##♣
.......##...(......# #..
.......#.........#.###.♣
.......@.........#...#.♣
.......##........###...♣
####'## ######o### ###..
.. ###)# #.. ..#
####.oo# ### # #..o..##
#...#### #...) #....)


You could see an orc warrior.

Vanquished Creatures
  A hornet (D:7)
  A troll (D:10)
  2 wyverns
  6 yaks
  Menkaure (D:7)
  2 wargs (D:10)
  2 water moccasins
  2 sky beasts
  3 ice beasts (D:7)
  2 black bears (D:7)
  3 orc warriors
  An ogre (D:5)
  3 centaurs
  A phantom (D:5)
  An elf zombie (Ossuary)
  3 bullfrogs
  3 kobold brigands
  3 scorpions
  6 wights
  2 killer bees (D:9)
  9 hounds
  3 human zombies (Ossuary)
  9 orc priests
  2 jellies (D:4)
  A sleepcap (D:7)
  2 iguanas (D:5)
  2 orc wizards
  2 mummies (Ossuary)
  5 adders
  A shadow imp (D:5)
  A white imp (D:6)
  An ufetubus (D:4)
  2 adder zombies (Ossuary)
  3 worms
  3 dart slugs (D:1)
  28 orcs
  12 ball pythons
  8 bats
  7 endoplasms
  3 giant cockroaches
  2 goblins (D:1)
  8 hobgoblins
  8 jackals
  22 kobolds
  6 quokkas
  7 frilled lizards
  10 hobgoblin zombies (Ossuary)
  A jackal zombie (Ossuary)
  10 kobold zombies (Ossuary)
  8 orc zombies (Ossuary)
  4 rats
  2 rat zombies (Ossuary)
240 creatures vanquished.

Notes
Turn   | Place    | Note
-------+----------+-------------------------------------------
     0 | D:1      | DemonSlayer the Demonspawn Earth Elementalist began the
                  | quest for the Orb.
     0 | D:1      | Reached XP level 1. HP: 13/13 MP: 3/3
   155 | D:1      | Gained mutation: You have a small tail. [demonic ancestry]
   155 | D:1      | Reached XP level 2. HP: 7/19 MP: 3/5
   521 | D:1      | Gained mutation: You are partially covered in rugged brown
                  | scales. (AC +1, +3% HP) [demonic ancestry]
   521 | D:1      | Reached XP level 3. HP: 17/24 MP: 4/6
   894 | D:1      | You are sucked into a shaft and drop 1 floor!
  1032 | D:2      | Found a faded altar of an unknown god.
  1178 | D:2      | Gained mutation: You are mostly covered in rugged brown
                  | scales. (AC +2, +5% HP) [demonic ancestry]
  1178 | D:2      | Reached XP level 4. HP: 23/32 MP: 2/8
  1499 | D:2      | Reached skill level 3 in Spellcasting
  2215 | D:3      | Learned a level 3 spell: Stone Arrow
  2220 | D:3      | Learned a level 4 spell: Petrify
  3114 | D:3      | Found Ugemuope's Distillery.
  3120 | D:3      | Bought a potion of curing for 36 gold pieces
  3120 | D:3      | Bought a potion of curing for 36 gold pieces
  3328 | D:4      | Found Diheemarph's Distillery.
  3336 | D:4      | Bought a potion of heal wounds for 65 gold pieces
  3388 | D:4      | Found Xeexol's Elemental Accessories.
  3497 | D:4      | Found a runed translucent gate.
  3497 | D:4      | Found a runed translucent gate.
  3497 | D:4      | Noticed nogood's ghost (amateur DsFE)
  3498 | D:4      | Found a runed translucent gate.
  3500 | D:4      | Noticed a kobold brigand
  3513 | D:4      | Gained mutation: You have a tail ending in a sharp stinger.
                  | [demonic ancestry]
  3513 | D:4      | Reached XP level 5. HP: 32/37 MP: 3/10
  3644 | D:4      | Found a sand-covered staircase.
  3650 | Ossuary  | Entered an ossuary
  4514 | Ossuary  | Reached skill level 4 in Spellcasting
  4514 | Ossuary  | Reached XP level 6. HP: 33/44 MP: 2/12
  4647 | Ossuary  | Reached skill level 1 in Fighting
  5520 | D:5      | Entered Level 5 of the Dungeon
  5566 | D:5      | Reached XP level 7. HP: 41/50 MP: 8/14
  5862 | D:5      | Reached skill level 5 in Earth Magic
  5892 | D:5      | Reached skill level 5 in Spellcasting
  6029 | D:5      | Noticed a wyvern
  6115 | D:5      | Killed a wyvern
  6268 | D:5      | Found a shimmering blue altar of Sif Muna.
  6451 | D:5      | Reached XP level 8. HP: 52/56 MP: 6/16
  6584 | D:5      | Reached skill level 6 in Spellcasting
  7025 | D:5      | Reached skill level 1 in Conjurations
  7362 | D:5      | Learned a level 2 spell: Passwall
  7401 | D:6      | Found a hazy altar of Hepliaklqana.
  7404 | D:6      | Identified the +0 chain mail of the Devil's Team {Harm +Inv
                  | Str+5 Dex-3 SInv}
  7543 | D:6      | Found an ancient bone altar of Kikubaaqudgha.
  7569 | D:6      | Reached skill level 1 in Short Blades
  8329 | D:7      | Noticed a hornet
  8337 | D:7      | HP: 2/56 [hornet (10)]
  8345 | D:7      | Killed a hornet
  8470 | D:7      | Reached XP level 9. HP: 58/63 MP: 12/19
  8566 | D:7      | Reached skill level 7 in Spellcasting
  8906 | D:7      | Found a radiant altar of Vehumet.
  9366 | D:7      | Noticed Menkaure
  9368 | D:7      | Killed Menkaure
  9472 | D:7      | Reached skill level 8 in Spellcasting
 10229 | D:7      | Identified the +3 flail "Pendulum" {flame, rF+ rCorr SInv}
 10306 | D:7      | Found a staircase to the Ecumenical Temple.
 10492 | Temple   | Entered the Ecumenical Temple
 10500 | Temple   | Became a worshipper of Dithmenos the Shadowed
 11122 | D:8      | Gained mutation: You may rarely emit foul miasma when
                  | damaged in melee. [demonic ancestry]
 11122 | D:8      | Reached XP level 10. HP: 71/71 MP: 12/22
 12247 | D:8      | Found a shimmering altar of Xom.
 12564 | D:10     | Entered Level 10 of the Dungeon
 12729 | D:10     | Reached skill level 5 in Conjurations
 12928 | D:10     | Reached skill level 9 in Spellcasting
 13171 | D:10     | Found a staircase to the Lair.
 13201 | D:10     | Shot with a bolt by an orc warrior

Illustrated notes

Levels and vault maps discovered:
D:1:      elethiomel_arrival_infinity_welcomes_careful_drivers, layout_rooms,
          minmay_vboxes
D:2:      layout_basic, hellmonk_ecumenical_altar_prayer_group
D:3:      layout_basic, overflow_temple_1_default, serial_shops, shop
D:4:      layout_loops_corners, nicolae_ossuary_entry_plus, serial_rivers,
          chequers_serial_rivers_marsh, chequers_serial_rivers_micro_d,
          chequers_serial_rivers_micro_c, chequers_serial_rivers_small_3,
          gammafunk_ghost_nasty_kobolds, serial_shops, shop,
          nicolae_elemental_shop
D:5:      layout_loops_ring, mainiacjoe_overflow_24_doors
D:6:      layout_cave_pools, nicolae_hepliaklqana_hazy_memory,
          old_standard_altar, serial_rivers, chequers_serial_rivers_small_3,
          chequers_serial_rivers_micro_b, chequers_serial_rivers_room_b,
          chequers_serial_rivers_room_a, chequers_serial_rivers_micro_d
D:7:      layout_loops_corners, lemuel_crystal_altar,
          minmay_temple_entry_enclosed_plants, grunt_tough_drop, uniq_menkaure
D:8:      layout_rooms, old_standard_altar
D:9:      layout_long_grid, grunt_temple_overflow_holy_war
D:10:     layout_roguey, erik_lair_orcish_takeover, enter_bailey_4,
          wad_woods_river_04, uniq_urug
Temple:   eino_temple_lava

Skill      XL: |  1  2  3  4  5  6  7  8  9 10 |
---------------+-------------------------------+-----
Earth Magic    | 3 4 5 6 7 8 |  8.3
Dodging        | 2 3 4 |  4.4
Spellcasting   | 3 4 5 6 8 9 |  9.0
Stealth        | 2 3 4 |  4.2
Fighting       | 1 2 |  2.7
Conjurations   | 2 4 5 |  5.3
Short Blades   | 1 2 |  2.2
Transmutations | |  0.8

Action                     |  1- 3 |  4- 6 |  7- 9 | 10-12 || total
---------------------------+-------+-------+-------+-------++-------
  Melee: Dagger            |    27 |    17 |    55 |    34 ||   133
         Unarmed           |     3 |       |       |       ||     3
         Tailslap          |     5 |     1 |     6 |     6 ||    18
         Punch             |       |       |       |     2 ||     2
   Cast: Sandblast         |    54 |   152 |    48 |       ||   254
         Stone Arrow       |       |       |   131 |    70 ||   201
    Use: Potion            |     2 |       |     7 |     6 ||    15
         Scroll            |       |       |     7 |     3 ||    10
   Stab: Sleeping          |     3 |     5 |     2 |       ||    10
 Armour: Robe              |    11 |    23 |    43 |    20 ||    97
  Dodge: Dodged            |    43 |    58 |   103 |    58 ||   262
